Map: Nightshade LE

Players

ViBE - Winner!

  • Race: Terran Terran
  • League: Gold
  • Spawn Location: 5:00

alansteve

  • Race: Zerg Zerg
  • League: Silver
  • Spawn Location: 11:00

VOD

https://www.youtube.com/watch?v=dm86rm5ARQo&list=PLFeZeom2b4DmHduNHeFj-6PfoasuSQn3P&index=7

Description

TvZ fast Tank - techlab on first rax for fast tanks into economy

Time

  • Played on: Dec. 7, 2019, 6:31 p.m.
  • Length: 12:21
Show
View Real Time Build Order
Export as new Build Order

ViBE Terran - Winner!

Build Orders: 2 Factory, Mech 

Get SALT Encoding   

  12  0:01  SCV  
  13  0:14  SCV  
  13  0:17  Supply Depot  
  14  0:26  SCV  
  15  0:41  Barracks  
  16  0:42  SCV  
  16  0:57  SCV  
  16  1:03  Refinery  
  17  1:10  SCV  
  18  1:22  SCV  
  19  1:35  Orbital Command  
  19  1:41  Command Center  
  19  2:00  SCV  
  20  2:07  Factory  
  20  2:11  Refinery  
  20  2:15  SCV  
  21  2:18  Barracks Tech Lab  
  21  2:20  Supply Depot  
  21  2:27  SCV  
  22  2:39  SCV  
  21  2:51  SCV  
  22  2:59  Siege Tank  
  22  3:00  Orbital Command  
  22  3:03  SCV  
  26  3:15  SCV  
  27  3:26  Factory  
  27  3:27  SCV x2  
  28  3:39  SCV  
  29  3:42  Siege Tank  
  29  3:44  SCV  
  33  3:51  SCV  
  33  3:52  Command Center  
  34  3:57  SCV  
  34  3:58  Barracks Reactor  
  35  4:05  Supply Depot  
  35  4:07  SCV  
  35  4:09  SCV  
  37  4:14  Hellion  
  39  4:18  Siege Tank  
  39  4:23  SCV x2  
  44  4:31  Supply Depot  
  44  4:35  SCV x2  
  44  4:36  Armory  
  46  4:47  SCV x2  
  46  4:49  Hellion x2  
  52  4:55  Engineering Bay  
  52  4:58  Supply Depot  
  52  4:59  SCV x2  
  54  5:06  Orbital Command, Supply Depot  
  54  5:11  SCV  
  54  5:12  SCV  
  56  5:16  Command Center  
  56  5:23  SCV, Supply Depot  
  56  5:24  SCV  
  56  5:27  Refinery x2  
  58  5:35  Thor  
  64  5:36  SCV  
  64  5:39  Hellion  
  64  5:41  Missile Turret  
  67  5:42  Orbital Command  
  67  5:47  Missile Turret, Hellion  
  69  5:52  SCV x2  
  69  5:54  Supply Depot  
  71  6:01  Terran Vehicle Weapons Level 1  
  71  6:03  Armory  
  71  6:04  SCV x2  
  72  6:08  SCV, Hellion  
  76  6:16  SCV  
  76  6:17  SCV  
  78  6:20  SCV  
  79  6:28  SCV  
  79  6:30  Thor  
  79  6:31  Hellion  
  79  6:32  Supply Depot  
  88  6:40  Hellion  
  88  6:41  SCV x3  
  93  6:55  Supply Depot  
  93  6:56  SCV x2  
  93  6:57  SCV  
  96  7:04  Refinery  
  96  7:05  Refinery  
  96  7:08  SCV, Hellion x2  
  100  7:09  SCV x2  
  100  7:10  Terran Vehicle And Ship Armor Level 1  
  100  7:12  Thor  
  100  7:13  Command Center  
  100  7:14  Planetary Fortress  
  109  7:18  Missile Turret  
  109  7:20  SCV  
  109  7:21  SCV x2  
  112  7:33  SCV x3, Hellion x2, Supply Depot  
  119  7:45  SCV x3  
  119  7:49  Factory x3  
  119  7:50  Factory  
  122  7:53  SCV  
  122  7:55  Thor  
  122  7:57  SCV x3  
  132  8:05  SCV  
  133  8:09  SCV x3  
  133  8:11  Hellion x2  
  140  8:17  Supply Depot  
  140  8:18  Supply Depot  
  140  8:26  Refinery x2  
  140  8:27  SCV x3  
  142  8:33  Supply Depot  
  143  8:34  Command Center  
  143  8:36  Factory Reactor  
  143  8:37  Factory Tech Lab x3  
  143  8:38  Thor  
  143  8:40  Hellion x2  
  153  8:42  Terran Vehicle Weapons Level 2  
  153  8:56  Thor  
  153  8:57  Thor  
  165  9:05  Supply Depot  
  165  9:17  Hellion  
  165  9:19  Terran Vehicle And Ship Armor Level 2  
  165  9:21  Thor  
  165  9:22  Neosteel Armor  
  171  9:27  Smart Servos  
  171  9:29  Infernal Pre-Igniter  
  171  9:44  Thor  
  171  9:45  Thor  
  183  9:57  Missile Turret  
  183  9:59  Planetary Fortress  
  183  10:02  Command Center  
  183  10:07  Thor  
  183  10:11  Hellion x3  
  183  10:12  Hellion  
  197  10:22  Factory  
  197  10:23  Factory x2  
  197  10:26  Factory  
  197  10:28  Factory  
  193  10:42  SCV x4  
  184  10:49  Thor  
  184  10:54  SCV x4  
  194  11:00  Command Center  
  194  11:02  Hi-Sec Auto Tracking  
  194  11:06  SCV  
  194  11:07  Missile Turret  
  194  11:10  Refinery  
  194  11:11  Refinery, Planetary Fortress  
  195  11:14  SCV x3, Thor  
  194  11:18  Command Center  
  194  11:20  Factory Reactor, Factory Tech Lab  
  194  11:21  Factory Tech Lab  
  194  11:24  Hellion x6  
  194  11:25  Hellion x2  
  198  11:27  SCV x2  
  197  11:42  SCV, Missile Turret  
  197  11:43  SCV x2  
  197  11:45  Missile Turret, Hellion  
  187  11:56  Factory Tech Lab  
  187  11:57  Factory Reactor  
  197  12:09  Factory  
  197  12:10  Factory  
  197  12:11  Factory  
  197  12:13  Factory  
  197  12:14  Factory  
Show
View Real Time Build Order
Export as new Build Order

alansteve Zerg 

Build Orders: Pool First 

Get SALT Encoding   

  12  0:01  Drone  
  13  0:09  Drone  
  14  0:17  Overlord  
  14  0:37  Drone x3  
  17  0:48  Spawning Pool  
  16  0:50  Drone  
  16  0:53  Extractor  
  16  1:00  Drone  
  17  1:18  Hatchery  
  17  1:23  Drone x2  
  18  1:35  Queen  
  18  1:39  Zergling x2  
  21  1:49  Overlord  
  21  2:04  Metabolic Boost  
  21  2:06  Drone  
  22  2:21  Drone x2  
  24  2:25  Roach Warren  
  23  2:32  Drone x2  
  23  2:34  Queen  
  27  2:50  Drone x3  
  29  2:59  Drone  
  29  3:00  Zergling x2, Drone x2  
  33  3:15  Extractor  
  33  3:17  Lair  
  33  3:18  Overlord  
  33  3:19  Drone x3  
  35  3:25  Spine Crawler  
  34  3:30  Spine Crawler, Drone  
  34  3:40  Roach x2  
  40  3:41  Roach  
  40  3:54  Roach  
  40  3:55  Drone, Roach  
  44  4:11  Overlord  
  44  4:17  Overlord  
  44  4:25  Glial Reconstitution  
  44  4:32  Drone, Extractor  
  44  4:33  Drone x3  
  44  4:35  Extractor  
  46  4:45  Hatchery  
  45  4:54  Drone x3, Roach  
  45  4:55  Drone x2  
  53  5:07  Drone x2  
  53  5:08  Drone x2  
  53  5:09  Evolution Chamber  
  55  5:16  Queen  
  55  5:19  Queen  
  59  5:24  Spire  
  58  5:40  Drone x2  
  58  5:41  Zerg Missile Weapons Level 1  
  60  5:43  Overlord x2  
  60  6:06  Roach x4  
  60  6:07  Roach x3  
  74  6:15  Queen  
  76  6:28  Drone x2  
  76  6:31  Overseer  
  78  6:40  Evolution Chamber  
  78  6:45  Zergling x10  
  82  6:47  Overlord x2  
  82  6:54  Overlord x2  
  82  7:00  Hatchery  
  81  7:07  Zerg Ground Armor Level 1  
  81  7:08  Drone x3  
  84  7:09  Roach x2  
  84  7:10  Roach  
  90  7:21  Overlord x2  
  90  7:31  Drone x2  
  92  7:52  Roach x5  
  92  7:53  Roach x6  
  114  8:07  Hydralisk Den  
  113  8:29  Zerg Missile Weapons Level 2  
  113  8:31  Zerg Flyer Armor Level 1  
  113  8:34  Overseer x2  
  113  8:45  Hydralisk x7  
  127  8:54  Infestation Pit  
  126  8:56  Overlord x2  
  126  9:23  Zergling x2  
  126  9:24  Zergling x10  
  132  9:28  Drone x2  
  132  9:29  Drone x2  
  136  9:38  Overlord x4  
  136  9:40  Zerg Ground Armor Level 2  
  136  9:44  Hive  
  136  9:49  Overlord x2  
  126  11:08  Drone x3  
  126  11:10  Extractor  
  128  11:11  Extractor  
  128  11:16  Roach x4  
  128  11:17  Zergling x2, Roach  
  128  11:18  Zergling x12  
  113  11:35  Drone x2  
  113  11:37  Zergling x6  
  104  11:47  Zergling x2  
  104  11:48  Zergling x6  
  104  11:51  Zergling x2  
  104  11:52  Zergling x6  
  77  12:01  Zergling x4  
  75  12:06  Hatchery  
Tags
 
Composition
Mech
Matchup
TvZ
Player
ViBE
Spawn Locations
Cross Positions
Add a new tag
Caveats
  • Supply blocks, unpowered buildings, or Contaminate may cause inaccurate times.
  • Supply counts are checked every 10 seconds.